 Dungeon Crawl Stone Soup version 0.32-a0-765-gfba4d74c8c (webtiles) character file.

Game seed: 3862429244034263396

44 Essalna the Digger (level 3, -2/19 HPs)
             Began as a Gargoyle Earth Elementalist on Mar 18, 2024.
             Slain by Terence
             ... wielding a +0 mace
              (3 damage)
             ... on level 2 of the Dungeon.
             The game lasted 00:01:10 (972 turns).

Essalna the Digger (Gargoyle Earth Elementalist)     Turns: 972, Time: 00:01:11

Health: -2/19      AC:  5    Str: 11    XL:     3   Next: 62%
Magic:  3/6        EV: 11    Int: 17    God:
Gold:   44         SH:  0    Dex: 10    Spells: 6/7 levels left

rFire   . . .        (no weapon)
rCold   . . .        (no shield)
rNeg    + . .        a - +0 robe
rPois   ∞            (no helmet)
rElec   +            (no cloak)
rCorr   .            (no gloves)
SInv    .            (no boots)
Will    .....        (no amulet)
Stlth   ++           (no ring)
HPRegen 0.23/turn    (no ring)
MPRegen 0.10/turn

%: no passive effects
@: weak-willed
A: sickness immunity, AC +3, negative energy resistance 1, electricity
resistance, torment resistance 1, petrification resistance
a: no special abilities


You were on level 2 of the Dungeon.
You visited 1 branch of the dungeon, and saw 2 of its levels.

You collected 44 gold pieces.

Inventory:

Armour
 a - a +0 robe (worn)
Potions
 b - a potion of magic
 c - a potion of heal wounds {unknown}
 d - a potion of curing {unknown}
 f - a potion of haste {unknown}


   Skills:
 - Level 1.5 Dodging
 - Level 2.1 Stealth
 + Level 2.6 Spellcasting
 + Level 2.2 Conjurations
 + Level 4.3 Earth Magic


You had 6 spell levels left.
You knew the following spells:

 Your Spells              Type           Power      Damage    Failure   Level
a - Sandblast             Erth           32%        2d9       3%          1

Your spell library contained the following spells:

 Spells                   Type           Power      Damage    Failure   Level
 Passwall                 Erth           16%        N/A       10%         3
 Stone Arrow              Conj/Erth      26%        3d8       14%         3
 Dazzling Flash           Conj/Hex       12%        N/A       34%         3
 Brom's Barrelling Bould  Conj/Erth      13%        2d4       43%         4
 Petrify                  Alch/Erth      9%         N/A       58%         4
 Starburst                Conj/Fire      3%         6d3       100%        6
 Maxwell's Capacitive Co  Air            1%         ∞         100%        8


Dungeon Overview and Level Annotations

Branches:
Dungeon (2/15)

Altars:

Annotations:
D:2 Terence


Innate Abilities, Weirdness & Mutations

You are immune to sickness and miasma.
Your stone body is resilient. (AC +3)
You are immune to poison.
You resist negative energy. (rN+)
You are resistant to electric shocks. (rElec)
You are resistant to unholy torment.
You are immune to petrification.


Message History

The blast of sand hits the rat.
You kill the rat!
You can't see any susceptible monsters within range! (Use Z to cast anyway.)
You see here a rat corpse.
Key pressed, stopping explore.
You pick up a book of Spectacle and begin reading...
You add the spells Dazzling Flash, Starburst and Maxwell's Capacitive Coupling to your library.
Terence the Incautious comes into view.
He is wielding a +0 mace.
You can't see any susceptible monsters within range! (Use Z to cast anyway.)
You can't see any susceptible monsters within range! (Use Z to cast anyway.)
You can't see any susceptible monsters within range! (Use Z to cast anyway.)
You can't see any susceptible monsters within range! (Use Z to cast anyway.)
You can't see any susceptible monsters within range! (Use Z to cast anyway.) Terence shouts!
The blast of sand hits Terence but does no damage.
Terence shouts, "DIE!!!"
The blast of sand hits Terence but does no damage.
Terence hits you with a +0 mace.
The blast of sand hits Terence but does no damage.
Terence hits you with a +0 mace.
You are too injured to fight recklessly!
You are too injured to fight recklessly!
You are too injured to fight recklessly!
As you read the scroll labelled NUHOFI JUBEAG, it crumbles to dust.
A wave of despondency washes over your surroundings.
It was a scroll of vulnerability.
Terence hits you with a +0 mace! Terence attacks as he pursues you!
Terence hits you but does no damage. Terence attacks as he pursues you!
Terence misses you. Terence attacks as he pursues you!
Terence hits you but does no damage.
Casting: Sandblast (safe; 3% risk of failure)
Confirm with . or Enter, or press ? or * to list all spells.
Aiming: Sandblast (safe; 3% risk of failure)
Press: ? - help, Shift-Dir - straight line, f/p - Terence
Aim: Terence, wielding a +0 mace and wearing a +0 chain mail (weak-willed, 87% to hit)
The blast of sand hits Terence but does no damage.
Terence hits you with a +0 mace!
* * * LOW HITPOINT WARNING * * *
Terence hits you with a +0 mace.
You die...
Terence says, "Rest in peace."

#.####.#######
#............###
######......†..#
#.#####.#.# #.#
#.#.# ..# #.#.#
##.#####.#.#
#.##....#.#
#.##@####.#
#.##@####.#
#.........#
####.###### #.#
#.# #.# #.# #.#


You could see Terence (weak-willed).

Vanquished Creatures
  2 adders (D:2)
  A ribbon worm (D:2)
  A dart slug (D:1)
  4 ball pythons (D:1)
  A bat (D:1)
  3 endoplasms
  3 goblins
  2 hobgoblins (D:1)
  A quokka (D:1)
  A frilled lizard (D:1)
  3 rats
22 creatures vanquished.

Notes
Turn   | Place    | Note
-------+----------+-------------------------------------------
     0 | D:1      | Essalna the Gargoyle Earth Elementalist began the quest for
                  | the Orb.
     0 | D:1      | Reached XP level 1. HP: 10/10 MP: 3/3
   143 | D:1      | Reached XP level 2. HP: 15/15 MP: 1/5
   293 | D:1      | Found a faded altar of an unknown god.
   346 | D:1      | Reached skill level 4 in Earth Magic
   725 | D:2      | Reached XP level 3. HP: 19/19 MP: 3/6
   956 | D:2      | Noticed Terence
   972 | D:2      | Slain by Terence

Illustrated notes

Levels and vault maps discovered:
D:1:      orjb1_lava_funnel, layout_basic, hellmonk_ecumenical_altar_zigzags
D:2:      layout_loops_ring, uniq_terence

Skill      XL: |  1  2 |
---------------+-------+-----
Earth Magic    | 4 |  4.3
Conjurations   | 2 |  2.2
Dodging        | |  1.5
Stealth        | |  2.1
Spellcasting   | |  2.6

Action                     || total
---------------------------++-------
   Cast: Sandblast         ||    35
    Use: Scroll            ||     1
 Armour: Robe              ||     9
  Dodge: Dodged            ||     7

Table legend: (Time is in decaauts)
 A = Elapsed time spent in this place.
 B = Non-inter-level travel time spent in this place.
 C = Inter-level travel time spent in this place.
 D = Time resting spent in this place.
 E = Time spent auto-exploring this place.
 F = Levels seen in this place.
 G = Mean time per level.
                   A        B        C        D        E       F      G
               +--------+--------+--------+--------+--------+-----+--------+
         Total |    988 |    968 |     20 |      0 |    843 |   2 |  494.0 |
       Dungeon |    988 |    968 |     20 |      0 |    843 |   2 |  494.0 |
               +--------+--------+--------+--------+--------+-----+--------+

Top non-repeatable levels by time:
     D:1: 707 daAuts
     D:2: 281 daAuts
